 Dungeon Crawl Stone Soup version 0.25.1-11-g244df3a29b (webtiles) character file.

Game seed: 14203475154978190962

215 DeepDeath the Twirler (level 6, -1/44 HPs)
             Began as a Formicid Gladiator on Jan 1, 2024.
             Slain by Purgy (4 damage)
             ... on level 4 of the Dungeon.
             The game lasted 00:09:11 (3450 turns).

DeepDeath the Twirler (Formicid Gladiator)          Turns: 3450, Time: 00:09:12

Health: -1/44      AC:  4    Str: 19 (21) XL:     6   Next: 15%
Magic:  6/6        EV: 12    Int:  6 (7)  God:
Gold:   95         SH:  3    Dex:  9 (12) Spells: 5/5 levels left

rFire    . . .     SeeInvis +   a - +0 quarterstaff
rCold    . . .     Gourm    .   n - +0 buckler
rNeg     . . .     Faith    .   b - +0 leather armour
rPois    .         Spirit   .   (helmet unavailable)
rElec    .         Reflect  .   (no cloak)
rCorr    +         Harm     .   (no gloves)
MR       .....                  l - +0 pair of boots
Stlth    +.........             (no amulet)
HPRegen  0.14/turn              g - ring of resist corrosion
MPRegen  0.10/turn              (no ring)

@: brilliant, flying
A: permanent stasis, dig shafts and tunnels, four strong arms, antennae 3
a: Dig, Shaft Self


You were on level 4 of the Dungeon.
You were not hungry.

You visited 1 branch of the dungeon, and saw 4 of its levels.

You collected 95 gold pieces.

Inventory:

Hand Weapons
 a - a +0 quarterstaff (weapon)
 q - a +0 flail
Missiles
 c - 2 throwing nets
 k - 48 arrows
 m - 64 bolts
 r - 48 stones (quivered)
Armour
 b - a +0 leather armour (worn)
 l - a +0 pair of boots (worn)
 n - a +0 buckler (worn)
 p - a +2 plate armour of cold resistance
 v - a +0 scale mail
Jewellery
 g - a ring of resist corrosion (left hand)
 w - a +4 ring of slaying {unknown}
Comestibles
 d - 3 rations
 f - a chunk of flesh


   Skills:
 - Level 2.1 Fighting
 * Level 5.6 Staves
 - Level 2.0 Throwing
 - Level 2.0 Armour
 - Level 2.6 Dodging
 - Level 1.0 Stealth
 - Level 2.0 Shields


You had 5 spell levels left.
You didn't know any spells.
Your spell library was empty.

Dungeon Overview and Level Annotations

Branches:
Dungeon (4/15)
 Temple: D:4-7

Altars:
Kikubaaqudgha

Annotations:
D:2 Sigmund
D:4 3 runed translucent doors, Purgy


Innate Abilities, Weirdness & Mutations

You cannot be hasted, slowed, berserked, paralysed or teleported.
You can dig through walls and to a lower floor.
Your four strong arms can wield two-handed weapons with a shield.
You have a pair of large antennae on your head. (SInv)


Message History

Purgy closely misses you.
You hit Purgy.
Purgy is severely wounded.
Purgy bites you! Purgy closely misses you. x2
You hit Purgy but do no damage.
Purgy is severely wounded.
Purgy bites you.
* * * LOW HITPOINT WARNING * * *
Purgy claws you.
* * * LOW HITPOINT WARNING * * *
Purgy barely misses you.
Purgy clenches his teeth.
Purgy bites you but does no damage. You block Purgy's attack.
Purgy claws you but does no damage.
You hit Purgy but do no damage.
Purgy is severely wounded.
Purgy bites you!
* * * LOW HITPOINT WARNING * * *
Purgy claws you.
You die...

#.........
#.........
#.........#
#.........#
.........#
##........#
#.T.......###
#.@.........
#.........#
#..#.........#
..............#
.#...........## +.
#............#..+.
####.##.......$.+.
#.....<......#(
###.#........#.


You could see Purgy.

Vanquished Creatures
  A hound (D:4)
  An orc wizard (D:3)
  A worker ant (D:4)
  5 adders
  An ooze (D:1)
  2 worms
  A dart slug (D:1)
  2 leopard geckos (D:3)
  10 orcs (D:3)
  7 bats
  5 giant cockroaches
  6 goblins
  7 hobgoblins
  2 quokkas (D:3)
  4 frilled lizards
  7 kobolds
  8 rats
70 creatures vanquished.

Notes
Turn   | Place    | Note
-------+----------+-------------------------------------------
     0 | D:1      | DeepDeath the Formicid Gladiator began the quest for the
                  | Orb.
     0 | D:1      | Reached XP level 1. HP: 16/16 MP: 1/1
     2 | D:1      | Noticed a halfling
     2 | D:1      | Noticed an octopode
     4 | D:1      | Noticed a vampire
     4 | D:1      | Noticed a troll
     6 | D:1      | Noticed a human
     6 | D:1      | Noticed a spriggan
     8 | D:1      | Noticed a minotaur
     8 | D:1      | Noticed a tengu
    10 | D:1      | Noticed a gargoyle
    10 | D:1      | Noticed a centaur
    12 | D:1      | Noticed a merfolk
    14 | D:1      | Noticed a dwarf
    14 | D:1      | Noticed a draconian
    16 | D:1      | Noticed a demonspawn
    16 | D:1      | Noticed a felid
    18 | D:1      | Noticed a naga
    20 | D:1      | Noticed a vine stalker
    20 | D:1      | Noticed a formicid
    22 | D:1      | Noticed an ogre
    22 | D:1      | Noticed an elf
    26 | D:1      | Noticed a ghoul
    26 | D:1      | Noticed a demigod
   370 | D:1      | Reached XP level 2. HP: 14/22 MP: 2/2
   489 | D:1      | Reached skill level 1 in Stealth
   600 | D:1      | Reached skill level 1 in Armour
   672 | D:1      | Reached XP level 3. HP: 25/27 MP: 3/3
  1466 | D:2      | Reached skill level 1 in Shields
  1634 | D:2      | Reached XP level 4. HP: 26/33 MP: 4/4
  1937 | D:2      | Noticed Sigmund
  2127 | D:2      | Reached skill level 4 in Staves
  2810 | D:3      | Found an ancient bone altar of Kikubaaqudgha.
  2830 | D:3      | Reached XP level 5. HP: 34/38 MP: 5/5
  3161 | D:3      | Reached skill level 5 in Staves
  3355 | D:4      | Found a runed translucent gate.
  3355 | D:4      | Found a runed translucent gate.
  3355 | D:4      | Found a runed translucent gate.
  3391 | D:4      | Reached XP level 6. HP: 9/44 MP: 6/6
  3436 | D:4      | Noticed Purgy
  3450 | D:4      | Slain by Purgy

Illustrated notes

Levels and vault maps discovered:
D:1:      kb_arrival_jail, layout_basic, nrook_mini_vaults, minmay_pentomino_z2
D:2:      layout_loops_corners, uniq_sigmund
D:3:      layout_rooms, kiku_gazebo_pond_becter, first_ration
D:4:      layout_rooms, kennysheep_slug_shrine, kennysheep_mini_moat,
          nicolae_overflow_hidden_temple, minmay_temple_entry_nine_rooms,
          nicolae_ossuary_entry_monument, ebering_ghost_rock_garden,
          chequers_serial_rivers_micro_d, minmay_shop_mayhem, uniq_purgy,
          uniq_pikel

Skill      XL: |  1  2  3  4  5 |
---------------+----------------+-----
Stealth        | 1 |  1.0
Armour         | 1 2 |  2.0
Shields        | 1 2 |  2.0
Staves         | 4 5 |  5.6
Fighting       | |  2.1
Throwing       | |  2.0
Dodging        | |  2.6

Action                   |  1- 3 |  4- 6 || total
-------------------------+-------+-------++-------
Melee: Quarterstaff      |    91 |   141 ||   232
Throw: Stone             |       |    28 ||    28
       Throwing net      |       |     1 ||     1
  Use: Scroll            |     3 |     5 ||     8
       Potion            |       |     9 ||     9
 Stab: Sleeping          |     2 |       ||     2
  Eat: Chunk             |     2 |     3 ||     5
       Ration            |       |     1 ||     1
Armor: Leather armour    |    22 |    40 ||    62
       Skin              |       |     7 ||     7
Dodge: Dodged            |    49 |    77 ||   126
Block: Buckler           |     5 |    18 ||    23
